 Dungeon Crawl Stone Soup version 0.29.1-2-gbd0b4ee654 (webtiles) character file.

Game seed: 5851288541469683864

3514 Icepheonix32 the Protected (level 9, -8/82 HPs)
             Began as a Minotaur Fighter on Oct 26, 2022.
             Was a Believer of Okawaru.
             Killed from afar by a gargoyle (31 damage)
             ... with a stone arrow
             ... on level 8 of the Dungeon.
             The game lasted 00:11:15 (6805 turns).

Icepheonix32 the Protected (Minotaur Fighter)       Turns: 6805, Time: 00:11:15

Health: -8/82      AC: 12    Str: 25    XL:     9   Next: 81%
Magic:  9/9        EV: 11    Int:  6    God:    Okawaru [**....]
Gold:   391        SH:  0    Dex: 11    Spells: 8/8 levels left

rFire   . . .      SeeInvis .   G - +6 arbalest "Damnation" {damnation}
rCold   . . .      Faith    .   (shield currently unavailable)
rNeg    . . .      Spirit   .   b - +1 scale mail
rPois   .          Reflect  .   (helmet restricted)
rElec   .          Harm     .   (no cloak)
rCorr   .          Rampage  .   I - +0 pair of gloves
Will    .....                   h - +0 pair of boots
Stlth   ..........              F - amulet of regeneration
HPRegen 1.03/turn               C - ring of flight
MPRegen 0.11/turn               (no ring)

@: flying, studying Fighting
A: horns 2, retaliatory headbutt, strong 1
a: Renounce Religion, Heroism


You were on level 8 of the Dungeon.
You worshipped Okawaru.
Okawaru was pleased with you.
You visited 2 branches of the dungeon, and saw 9 of its levels.

You collected 497 gold pieces.
You spent 106 gold pieces at shops.

Inventory:

Hand Weapons
 a - a +0 war axe
 e - a +4 whip
 n - a +0 club
 u - a +4 club
 G - the +6 arbalest "Damnation" (weapon) {damnation}
   (You found it on level 5 of the Dungeon)

   Any ammunition fired from it explodes in a burst of damnation on striking a
   foe, dealing damage which bypasses armour.
 K - a +1 flail of protection
 M - a +0 war axe of electrocution
 N - a +4 falchion
Missiles
 x - 3 boomerangs of dispersal
 A - 3 curare-tipped darts
Armour
 b - a +1 scale mail (worn)
 c - a +0 buckler
 h - a +0 pair of boots (worn)
 r - a +0 kite shield
 I - a +0 pair of gloves (worn)
Jewellery
 f - a ring of wizardry
 C - a ring of flight (left hand)
 F - an amulet of regeneration (around neck)
Wands
 o - a wand of paralysis (2)
Scrolls
 p - a scroll of enchant weapon
 q - a scroll of amnesia
 v - 3 scrolls of vulnerability
 w - 2 scrolls of magic mapping
 z - a scroll of noise {unknown}
 B - a scroll of enchant armour
 H - a scroll of summoning
 L - 2 scrolls of identify
Potions
 d - a potion of might
 g - 3 potions of attraction
 i - 2 potions of magic
 j - 5 potions of mutation
 k - 3 potions of curing
 l - 2 potions of brilliance {unknown}
 m - 2 potions of berserk rage {unknown}
 s - 2 potions of lignification
 t - a potion of resistance {unknown}
 D - 2 potions of invisibility {unknown}


   Skills:
 + Level 8.9 Fighting
 - Level 2.5(4.2) Axes
 - Level 5.1(5.4) Maces & Flails
 * Level 7.5 Ranged Weapons
 + Level 9.4 Armour
 * Level 4.5 Dodging
 + Level 1.0 Stealth
 + Level 5.1 Shields
 * Level 2.1 Invocations


You had 8 spell levels left.
You didn't know any spells.
Your spell library was empty.

Dungeon Overview and Level Annotations

Branches:
Dungeon (8/15)             Temple (1/1) D:5
   Lair: D:8-11

Altars:
Ashenzari
Cheibriados
Dithmenos
Fedhas
Hepliaklqana
Kikubaaqudgha
Nemelex Xobeh
Okawaru
Qazlal
Ru
Trog
Uskayaw
Vehumet
Xom
Yredelemnul
Zin
The Shining One

Shops:
D:2 *   D:5 :   D:6 (

Annotations:
D:5 1 runed translucent door, Crazy Yiuf
D:8 Maurice


Innate Abilities, Weirdness & Mutations

You have a pair of horns on your head.
You reflexively headbutt those who attack you in melee.
Your muscles are strong. (Str +4, Int/Dex -1)


Message History

The gargoyle is severely damaged.
The gargoyle hurls a stone arrow at you.
The stone arrow hits you!
* * * LOW HITPOINT WARNING * * *
Unknown command.
You feel better.
Blink to where?
Press: ? - help, Dir - move target, p - gargoyle
As you read the scroll of blinking, it crumbles to dust.
You are too injured to fight recklessly!
Unknown command.
Fire: G) +6 arbalest "Damnation" {damnation}
Press: ? - help, Q - select action, (/) - cycle Shift-Dir - straight line, f - gargoyle
Aim: a gargoyle, wielding a +0 flail (translocational energy, moderately damaged, 79% to hit)
You shoot a damnation bolt.
The damnation bolt hits the gargoyle but does no damage.
The gargoyle is moderately damaged.
The damnation bolt explodes!
The damnation engulfs the gargoyle!
The gargoyle is almost destroyed.
Okawaru accepts your kill.
You feel a bit more experienced.
Your Invocations skill increases to level 2!
Fire: G) +6 arbalest "Damnation" {damnation}
Press: ? - help, Q - select action, (/) - cycle Shift-Dir - straight line, f/p - gargoyle
Aim: a gargoyle, wielding a +0 flail (almost destroyed, 79% to hit)
You shoot a damnation bolt.
The damnation bolt barely misses the gargoyle.
The gargoyle hurls a stone arrow at you.
The stone arrow hits you!
* * * LOW HITPOINT WARNING * * *
Unknown command.
Fire: G) +6 arbalest "Damnation" {damnation}
Press: ? - help, Q - select action, (/) - cycle Shift-Dir - straight line, f/p - gargoyle
Aim: a gargoyle, wielding a +0 flail (severely damaged, 79% to hit)
You shoot a damnation bolt.
The damnation bolt barely misses the gargoyle.
The gargoyle hurls a stone arrow at you.
The stone arrow hits you!!
You die...

..#....'............8.. #....#.
..#....##'###..9....... #....#.
..#.....#..##.#8#...... #....##
..#.....+.....###'..... ##......
..+.....#.....9# #'.'# #.......
###.....######.### ###)###...>...
#####....[.......#######.........
.'..#....................#######'
.#..#...........@......#.........
.#..#............<.....+........<
#####..................##....##..
#######....###'###'#....#########
......#....#...#...#....#
......'....#...#...#....#
......#....#...#...#....#
.#...##....#...#...#....#
.#8.8##....#...#...#....#


You could see a gargoyle.

Vanquished Creatures
  3 gargoyles (D:8)
  Grinder (D:4)
  A wyvern (D:8)
  Menkaure (D:5)
  2 orc warriors
  A black bear (D:5)
  An ice beast (D:8)
  A sky beast (D:8)
  2 ogres (D:5)
  A centaur (D:7)
  Blork the orc (D:5)
  A phantom (D:5)
  2 bullfrogs (D:7)
  3 necrophages
  A scorpion (D:5)
  3 wights (D:7)
  4 killer bees (D:8)
  3 jellies
  3 orc priests
  Ijyb (D:4)
  5 orc wizards
  10 adders
  3 gnolls (D:6)
  3 shadow imps
  3 white imps
  A worm (D:3)
  A dart slug (D:3)
  36 orcs
  7 ball pythons
  3 endoplasms (D:1)
  6 giant cockroaches
  8 goblins
  6 hobgoblins
  10 jackals
  9 kobolds
  3 quokkas
  7 bats
  3 frilled lizards
  3 rats
163 creatures vanquished.

Notes
Turn   | Place    | Note
-------+----------+-------------------------------------------
     0 | D:1      | Icepheonix32 the Minotaur Fighter began the quest for the
                  | Orb.
     0 | D:1      | Reached XP level 1. HP: 19/19 MP: 0/0
   204 | D:1      | Reached XP level 2. HP: 27/27 MP: 1/1
   227 | D:1      | Found a faded altar of an unknown god.
   664 | D:1      | Reached XP level 3. HP: 31/34 MP: 2/2
   790 | D:2      | Found Zeapsig's Assorted Antiques.
   809 | D:2      | Bought a scroll labelled KIKACKEOKH for 18 gold pieces
   809 | D:2      | Bought a cyan potion for 16 gold pieces
   809 | D:2      | Bought a scroll labelled LEESTO ULEATU for 18 gold pieces
   809 | D:2      | Bought a scroll labelled HEUGI BETENU for 18 gold pieces
   809 | D:2      | Bought a scroll labelled WITONAID MEAX for 18 gold pieces
   918 | D:2      | Reached skill level 4 in Armour
  1131 | D:2      | Reached skill level 1 in Dodging
  1161 | D:2      | Reached skill level 1 in Maces & Flails
  1186 | D:2      | Bought a scroll labelled WITONAID MEAX for 18 gold pieces
  1295 | D:3      | Gained mutation: Your muscles are strong. (Str +4, Int/Dex
                  | -1) [potion of mutation]
  1301 | D:3      | Reached XP level 4. HP: 22/41 MP: 3/3
  1662 | D:3      | Reached XP level 5. HP: 39/47 MP: 4/4
  1892 | D:4      | Noticed Ijyb
  1897 | D:4      | Paralysed by Ijyb for 5 turns
  1907 | D:4      | Paralysed by Ijyb for 5 turns
  1916 | D:4      | Killed Ijyb
  1917 | D:4      | Reached skill level 5 in Fighting
  2131 | D:4      | Noticed Grinder
  2141 | D:4      | Killed Grinder
  2142 | D:4      | Reached skill level 5 in Armour
  2142 | D:4      | Reached XP level 6. HP: 49/56 MP: 5/5
  2802 | D:5      | Entered Level 5 of the Dungeon
  2844 | D:5      | Reached XP level 7. HP: 51/62 MP: 6/6
  2869 | D:5      | Reached skill level 6 in Armour
  3158 | D:5      | Found the +6 arbalest "Damnation" {damnation}
  3187 | D:5      | Noticed Menkaure
  3205 | D:5      | Killed Menkaure
  3206 | D:5      | Reached skill level 5 in Maces & Flails
  3259 | D:5      | Found an ancient bone altar of Kikubaaqudgha.
  3319 | D:5      | Found Giogesh's Book Boutique.
  3329 | D:5      | Reached skill level 7 in Armour
  3329 | D:5      | Reached skill level 5 in Shields
  3329 | D:5      | Reached XP level 8. HP: 71/71 MP: 7/7
  3398 | D:5      | Found a glowing silver altar of Zin.
  3446 | D:5      | Noticed Blork the orc
  3448 | D:5      | Killed Blork the orc
  3531 | D:5      | Found a staircase to the Ecumenical Temple.
  3544 | Temple   | Entered the Ecumenical Temple
  3710 | Temple   | Became a worshipper of Warmaster Okawaru
  3831 | D:5      | Found a runed translucent door.
  3832 | D:5      | Noticed Crazy Yiuf
  4799 | D:6      | Reached skill level 1 in Ranged Weapons
  4897 | D:6      | Found Yvu Kaan's Weapon Boutique.
  5221 | D:6      | Reached * piety under Okawaru
  5222 | D:6      | Reached skill level 8 in Armour
  5296 | D:7      | Found a sacrificial altar of Ru.
  5536 | D:7      | Found a broken altar of Ashenzari.
  6062 | D:8      | Reached XP level 9. HP: 81/81 MP: 8/8
  6144 | D:8      | Found a hazy altar of Hepliaklqana.
  6145 | D:8      | Noticed Maurice
  6234 | D:8      | Reached ** piety under Okawaru
  6235 | D:8      | Reached skill level 5 in Ranged Weapons
  6661 | D:8      | Reached skill level 9 in Armour
  6793 | D:8      | Noticed a gargoyle
  6794 | D:8      | Killed a gargoyle
  6794 | D:8      | Noticed a gargoyle
  6795 | D:8      | Reached skill level 1 in Invocations
  6795 | D:8      | Noticed a gargoyle
  6796 | D:8      | Noticed a gargoyle
  6796 | D:8      | Killed a gargoyle
  6797 | D:8      | Reached skill level 1 in Stealth
  6803 | D:8      | Killed a gargoyle
  6805 | D:8      | Killed from afar by a gargoyle

Illustrated notes

Levels and vault maps discovered:
D:1:      lightli_arrival_boilingwater, layout_rooms, basic_ecumenical_altar
D:2:      layout_rooms, serial_shops, nicolae_shop_statue_plus,
          grunt_decor_arrowhead, kennysheep_boxes
D:3:      cheibrodos_pilgrimage, layout_rooms
D:4:      layout_loops_cross, uniq_grinder, uniq_ijyb
D:5:      layout_basic, mainiacjoe_overflow_alcove_2,
          lemuel_coloured_pillars_altar, temple_hall, serial_shops,
          nicolae_take_the_stairs, nicolae_underground_beach, uniq_menkaure,
          uniq_crazy_yiuf_cottage, uniq_blork_the_orc
D:6:      layout_basic, serial_shops, nicolae_square_shop
D:7:      layout_gridville, nicolae_ashenzari_panopticon,
          nicolae_ru_awakened_eye, chequers_arboretum,
          hangedman_abyss_or_decor_stagger
D:8:      cheibrodos_statue_roulette, layout_gridville, lemuel_round_altar,
          chequers_avenue, st_stairs_13, uniq_maurice
Temple:   chequers_temple_sunken

Skill      XL: |  1  2  3  4  5  6  7  8  9 |
---------------+----------------------------+-----
Fighting       | 4 5 6 7 8 |  8.9
Shields        | 4 5 |  5.1
Armour         | 4 5 7 8 9 |  9.4
Dodging        | 1 2 3 4 |  4.5
Maces & Flails | 1 2 3 5 |  5.1
Ranged Weapons | 4 7 |  7.5
Invocations    | 2 |  2.1
Stealth        | 1 |  1.0
Axes           | |  2.5

Action                   |  1- 3 |  4- 6 |  7- 9 || total
-------------------------+-------+-------+-------++-------
Melee: War axe           |    11 |       |       ||    11
       Whip              |   109 |    78 |    66 ||   253
       Headbutt          |     8 |    12 |    20 ||    40
       Flail             |       |       |    24 ||    24
       Club              |       |       |    25 ||    25
       Punch             |       |       |     3 ||     3
 Fire: Arbalest          |       |       |    77 ||    77
  Use: Scroll            |     7 |     1 |     8 ||    16
       Potion            |     3 |       |     1 ||     4
Armor: Scale mail        |    72 |    46 |    62 ||   180
Dodge: Dodged            |    62 |    26 |    83 ||   171
Block: Buckler           |    38 |    11 |     6 ||    55
